 Dungeon Crawl Stone Soup version 0.24.0-123-gd5b16e6ec5 (webtiles) character file.

Game seed: 13334536183623049227, levelgen mode: deterministic

60 Alfie the Shooter (level 3, -1/30 HPs)
             Began as a Minotaur Hunter on Feb 13, 2020.
             Slain by an adder (2 damage)
             ... on level 2 of the Dungeon.
             The game lasted 00:03:04 (507 turns).

Alfie the Shooter (Minotaur Hunter)                  Turns: 507, Time: 00:03:05

Health: -1/30      AC:  3    Str: 17    XL:     3   Next: 80%
Magic:  2/2        EV: 12    Int:  8    God:
Gold:   52         SH:  0    Dex: 10    Spells: 2/2 levels left

rFire    . . .     SeeInvis .   b - +0 short sword
rCold    . . .     Gourm    .   (no shield)
rNeg     . . .     Faith    .   c - +0 leather armour
rPois    .         Spirit   .   (helmet restricted)
rElec    .         Reflect  .   (no cloak)
rCorr    .         Harm     .   (no gloves)
MR       .....                  (no boots)
Stlth    +.........             (no amulet)
HPRegen  0.10/turn              (no ring)
MPRegen  0.08/turn              (no ring)

@: lethally poisoned (-1 -> -3)
A: retaliatory headbutt, horns 2
a: no special abilities


You were on level 2 of the Dungeon.
You were not hungry.

You visited 1 branch of the dungeon, and saw 2 of its levels.

You collected 52 gold pieces.

Inventory:

Hand Weapons
 a - a +1 shortbow
 b - a +0 short sword (weapon)
Missiles
 d - 12 arrows
Armour
 c - a +0 leather armour (worn)
Jewellery
 k - an uncursed ring of flight {unknown}
 l - a cursed -2 ring of protection {unknown}
Scrolls
 e - 2 scrolls of identify {unknown}
 j - a scroll of remove curse {unknown}
Potions
 g - a potion of mutation {unknown}
 h - a potion of heal wounds {unknown}
 i - a potion of brilliance {unknown}
Comestibles
 f - a ration


   Skills:
 + Level 2.8 Fighting
 + Level 0.2 Short Blades
 + Level 5.6 Bows
 + Level 0.2 Armour
 + Level 2.5 Dodging
 + Level 0.7 Stealth


You had 2 spell levels left.
You didn't know any spells.
Your spell library was empty.

Dungeon Overview and Level Annotations

Branches:
Dungeon (2/15)

Altars:


Innate Abilities, Weirdness & Mutations

You reflexively headbutt those who attack you in melee.
You have a pair of horns on your head.


Message History

The adder bites you. x2; The adder barely misses you.
You furiously retaliate!
You headbutt the adder!
You kill the adder!
The adder misses you.
You hit the adder but do no damage. The adder bites you but does no damage.
You closely miss the adder. Your headbutt misses the adder.
You feel sick. The adder closely misses you.
You closely miss the adder. You headbutt the adder!
The adder is severely wounded.
The adder bites you.
* * * LOW HITPOINT WARNING * * *
The adder bites you.
* * * LOW HITPOINT WARNING * * *
You completely miss the adder.
The adder is severely wounded.
The adder misses you.
You barely miss the adder. Your headbutt misses the adder.
The adder is severely wounded.
The adder barely misses you. The adder bites you.
You die...

#.......##.
#..#.#...#
##.......#
#.#.#...#####
#...........#
####.†..###.
#.....##
####...#
##@)#
##S[.....
K...#.. ....#
......
.......
.......
.....#.


You could see an adder and a kobold.

Vanquished Creatures
  2 adders
  An ooze (D:1)
  2 dart slugs
  2 leopard geckos (D:1)
  A giant cockroach (D:1)
  4 goblins (D:1)
  5 hobgoblins (D:1)
  5 kobolds
  A ball python (D:1)
  6 bats
  A frilled lizard (D:1)
30 creatures vanquished.

Notes
Turn   | Place    | Note
-------+----------+-------------------------------------------
     0 | D:1      | Alfie the Minotaur Hunter began the quest for the Orb.
     0 | D:1      | Reached XP level 1. HP: 18/18 MP: 0/0
    60 | D:1      | Reached XP level 2. HP: 25/25 MP: 1/1
   111 | D:1      | Reached skill level 5 in Bows
   244 | D:1      | Reached XP level 3. HP: 30/30 MP: 2/2
   505 | D:2      | HP: 1/30 [adder (4)]
   507 | D:2      | Slain by an adder

Levels and vault maps discovered:
D:1:      dpeg_arrival_fog, layout_rooms
D:2:      layout_rooms, overflow_temple_1_default, serial_glass,
          glass_columns_a, glass_columns_a, glass_columns_a

Skill      XL: |  1  2 |
---------------+-------+-----
Bows           | 5 |  5.6
Fighting       | |  2.8
Short Blades   | |  0.2
Armour         | |  0.2
Dodging        | |  2.5
Stealth        | |  0.7

Action                   || total
-------------------------++-------
Melee: Short sword       ||    35
       Headbutt          ||     4
 Fire: Shortbow          ||    44
Armor: Leather armour    ||    15
Dodge: Dodged            ||    44
